 Dungeon Crawl Stone Soup version 0.28.0-47-ge53b351184 (webtiles) character file.

Game seed: 10296300575814522899

56 GigaChad the Skirmisher (level 3, 0/34 HPs)
             Began as a Minotaur Fighter on May 9, 2022.
             Was a Believer of Uskayaw.
             Constricted to death by a ball python (1 damage)
             ... on level 2 of the Dungeon.
             The game lasted 00:04:59 (1280 turns).

GigaChad the Skirmisher (Minotaur Fighter)          Turns: 1280, Time: 00:05:00

Health: 0/34       AC:  7    Str: 20    XL:     3   Next: 71%
Magic:  2/2        EV:  6    Int:  5    God:    Uskayaw [**....]
Gold:   31         SH:  4    Dex: 11    Spells: 2/2 levels left

rFire   . . .      SeeInvis .   a - +0 long sword
rCold   . . .      Faith    .   c - +0 buckler
rNeg    . . .      Spirit   .   b - +0 scale mail
rPois   .          Reflect  .   (helmet restricted)
rElec   .          Harm     .   (no cloak)
rCorr   .          Rampage  .   (no gloves)
Will    .....                   (no boots)
Stlth   ..........              (no amulet)
HPRegen 0.11/turn               (no ring)
MPRegen 0.08/turn               (no ring)

@: constricted
A: horns 2, retaliatory headbutt
a: Renounce Religion, Stomp, Line Pass


You were on level 2 of the Dungeon.
You worshipped Uskayaw.
Uskayaw was noncommittal.
You visited 1 branch of the dungeon, and saw 2 of its levels.

You collected 31 gold pieces.

Inventory:

Hand Weapons
 a - a +0 long sword (weapon)
Armour
 b - a +0 scale mail (worn)
 c - a +0 buckler (worn)
Scrolls
 e - 2 scrolls of holy word
 g - 2 scrolls of vulnerability {unknown}
 i - a scroll of fear {unknown}
 k - a scroll of identify {unknown}
Potions
 d - a potion of might
 f - a potion of curing {unknown}
 h - a potion of flight {unknown}
 j - a potion of invisibility {unknown}


   Skills:
 + Level 4.3 Fighting
 + Level 3.2 Long Blades
 + Level 4.2 Armour
 + Level 4.1 Shields


You had 2 spell levels left.
You didn't know any spells.
Your spell library contained the following spells:

 Spells                   Type           Power      Damage    Failure   Level
 Sting                    Tmut/Pois      0%         1d3       88%         1
 Poisonous Vapours        Pois/Air       0%         N/A       96%         2
 Gell's Gravitas          Tloc           0%         N/A       99%         3
 Teleport Other           Tloc           0%         N/A       99%         3
 Olgreb's Toxic Radiance  Pois           0%         N/A       100%        4
 Dispersal                Tloc           0%         N/A       100%        6


Dungeon Overview and Level Annotations

Branches:
Dungeon (2/15)

Altars:
Uskayaw

Annotations:
D:2 Terence


Innate Abilities, Weirdness & Mutations

You have a pair of horns on your head.
You reflexively headbutt those who attack you in melee.


Message History

The ball python bites you but does no damage.
The ball python constricts you. The ball python barely misses you.
Terence hits you with a +0 flail!
You escape the ball python's grasp.
The goblin shouts!
Terence barely misses you.
You hit Terence. You headbutt Terence.
Terence is moderately wounded.
The ball python closely misses you. You furiously retaliate!
You headbutt the ball python!
You kill the ball python!
The ball python barely misses you. x2; Terence hits you with a +0 flail.
The ball python barely misses you. The ball python closely misses you.
You slash Terence!
Terence is severely wounded.
Terence hits you with a +0 flail!
* * * LOW HITPOINT WARNING * * *
The ball python bites you.
* * * LOW HITPOINT WARNING * * *
You block the ball python's attack.
You can now pass through a line of other dancers.
You closely miss Terence.
Terence is severely wounded.
The ball python bites you but does no damage.
The ball python closely misses you. Terence hits you with a +0 flail.
* * * LOW HITPOINT WARNING * * *
You block the goblin's attack.
The ball python bites you but does no damage.
The ball python closely misses you. Terence hits you with a +0 flail.
* * * LOW HITPOINT WARNING * * *
You closely miss Terence.
Terence is severely wounded.
The goblin closely misses you. You furiously retaliate!
You headbutt the goblin!
You kill the goblin!
You block the ball python's attack. The ball python grabs you.
The ball python constricts you. Terence hits you but does no damage.
The ball python bites you but does no damage.
The ball python constricts you.
You die...

#.# # #.# .## #.#
...# #.######....
#####..@).......
#_##...@S.......
#^##............
##.#............#
####...##...........
#....####..........#
#.#### #..........#
#.# #.)†)......# #.#
#.).(.......


You could see Terence and a ball python.

Vanquished Creatures
  A gnoll (D:1)
  An adder (D:2)
  5 ball pythons
  7 endoplasms
  2 giant cockroaches
  4 goblins
  3 hobgoblins (D:1)
  2 quokkas (D:2)
  4 bats (D:1)
  5 kobolds
  3 rats
37 creatures vanquished.

Notes
Turn   | Place    | Note
-------+----------+-------------------------------------------
     0 | D:1      | GigaChad the Minotaur Fighter began the quest for the Orb.
     0 | D:1      | Reached XP level 1. HP: 19/19 MP: 0/0
   220 | D:1      | Reached XP level 2. HP: 27/27 MP: 1/1
   410 | D:1      | Reached XP level 3. HP: 26/33 MP: 2/2
  1225 | D:2      | Found a faded altar of an unknown god.
  1237 | D:2      | Prayed at the altar of an unknown god.
  1237 | D:2      | Became a worshipper of Uskayaw the Reveller
  1237 | D:2      | Reached * piety under Uskayaw
  1266 | D:2      | Noticed Terence
  1278 | D:2      | Reached ** piety under Uskayaw
  1279 | D:2      | HP: 1/34 [Terence/+0 flail (1)]
  1280 | D:2      | Constricted to death by a ball python

Illustrated notes

Levels and vault maps discovered:
D:1:      dpeg_arrival_castle, layout_basic, nicolae_grassy_gnolls
D:2:      layout_rooms, hellmonk_ecumenical_altar_leap_of_faith, uniq_robin,
          uniq_sigmund, uniq_terence

Skill      XL: |  1  2  3 |
---------------+----------+-----
Shields        | 4 |  4.1
Armour         | 4 |  4.2
Fighting       | 4 |  4.3
Long Blades    | 3 |  3.2

Action                   || total
-------------------------++-------
Melee: Long sword        ||    61
       Headbutt          ||     8
  Use: Scroll            ||     1
Armor: Scale mail        ||    50
Dodge: Dodged            ||    65
Block: Buckler           ||    33
